[Event "Katowice Springs 2018"]
[Site "Katowice"]
[Date "2018.05.08"]
[Round "2"]
[White "Shkuran, Danylo"]
[Black "Molchanov, Oleksii"]
[Result "0-1"]
[ECO "B47"]
[WhiteElo "2395"]
[BlackElo "2355"]
[Annotator "NA"]
[PlyCount "80"]
[EventDate "2018.??.??"]
[EventType "swiss"]
[EventCountry "POL"]
[SourceTitle "playchess.com"]
[Source "ChessBase"]
[SourceQuality "1"]
[TimeControl "40/5400+30:1800+30"]

1. e4 c5 2. Nf3 e6 3. d4 cxd4 4. Nxd4 Nc6 5. Nc3 Qc7 6. g3 a6 7. Bg2 Nf6 8. O-O Nxd4 9. Qxd4 Bc5 10. Qd3 Ng4 11. Qe2 {[%emt 0:07:59] B47: Sicilian: Taimanov: 5 Nc3 Qc7 6 f4, 6 g3 and 6 Be2} h5 {[%emt 0:06:07] LiveBook: 5 Games} 12. Kh1 b5 13. Bf4 $146 ({Predecessor:} 13. e5 Bb7 14. Bf4 Bd4 15. Rae1 Bxc3 16. bxc3 Bxg2+ 17. Kxg2 Qxc3 18. Rd1 Rc8 {½-½ (34) Adams,M (2753)-Van Kampen,R (2607) Hoogeveen 2013}) 13... Ne5 14. h4 Bb7 15. Rad1 d6 16. Nb1 Qb6 17. Bxe5 dxe5 18. Nd2 Be7 19. Nf3 f6 20. Ne1 Rc8 21. f4 exf4 22. gxf4 Qc7 $11 23. c3 Qc4 24. Qxc4 Rxc4 25. Rd4 Rxd4 26. cxd4 Kf7 27. Rf2 Rd8 28. Nc2 a5 29. Kh2 b4 30. b3 Rd7 31. Kg3 Rc7 32. Rd2 Rc3+ 33. Kh2 Ba6 34. f5 Bd6+ 35. Kg1 exf5 36. exf5 Bd3 37. Ne1 Bxf5 38. Bd5+ Kf8 39. Bc4 Bf4 40. Rd1 Bg4 0-1

[Event "Katowice Springs 2018"]
[Site "Katowice"]
[Date "2018.05.08"]
[Round "2"]
[White "Molenda, Marcin"]
[Black "Pacan-Milej, Kosma"]
[Result "1-0"]
[ECO "D11"]
[WhiteElo "2383"]
[BlackElo "2301"]
[Annotator "ChessBase"]
[PlyCount "61"]
[EventDate "2018.??.??"]
[EventType "swiss"]
[EventCountry "POL"]
[SourceTitle "playchess.com"]
[Source "ChessBase"]
[SourceQuality "1"]
[TimeControl "40/5400+30:1800+30"]

1. d4 d5 2. c4 c6 3. Nf3 Nf6 4. e3 a6 5. Bd3 Bg4 6. Nbd2 e6 7. O-O Nbd7 8. Qc2 Be7 9. b3 O-O 10. Bb2 Bh5 11. Ne5 Bd6 12. f4 Bg6 13. Nxg6 hxg6 14. c5 Bc7 15. h3 Nh5 16. Nf3 Ng3 17. Rfc1 Nf6 18. Bc3 Nfe4 19. Be1 Nf5 20. Qe2 Qf6 21. Bxe4 dxe4 22. Nd2 Bxf4 23. exf4 Qxd4+ 24. Kh1 e3 25. Nf3 Qxf4 26. Rc4 Qh6 27. Kh2 g5 28. g4 Ne7 29. Qxe3 Qf6 30. Bc3 Nd5 31. Qxg5 1-0

[Event "Katowice Springs 2018"]
[Site "Katowice"]
[Date "2018.05.08"]
[Round "2"]
[White "Szustakowski, Antoni"]
[Black "Bakalarz, Mietek"]
[Result "1-0"]
[ECO "D20"]
[WhiteElo "2331"]
[BlackElo "2288"]
[Annotator "NA"]
[PlyCount "117"]
[EventDate "2018.??.??"]
[EventType "swiss"]
[EventCountry "POL"]
[SourceTitle "playchess.com"]
[Source "ChessBase"]
[SourceQuality "1"]
[TimeControl "40/5400+30:1800+30"]

1. d4 d5 2. c4 dxc4 3. e4 e5 4. Nf3 Nf6 {[%emt 0:10:25] LiveBook: 29 Games} 5. Nxe5 {[%emt 0:31:01] D20: Queen's Gambit Accepted: 3 e3 and 3 e4} Bb4+ 6. Nc3 O-O (6... b5 7. f3 a6 8. a4 Bb7 9. axb5 axb5 10. Rxa8 Bxa8 11. Be3 O-O 12. Kf2 Nbd7 13. Nxd7 Qxd7 {½-½ (46) Banusz,T (2616)-Huschenbeth,N (2601) Austria 2017}) 7. Bxc4 Nc6 $146 (7... c5 $16) ({Predecessor:} 7... Nxe4 8. Nxf7 Bxc3+ 9. bxc3 Rxf7 10. Bxf7+ Kxf7 11. O-O Nd6 12. Re1 Kg8 {½-½ (51) Nagy,G (2423)-Tincu,R (2151) Arad 2014}) 8. Nxc6 bxc6 {[%emt 0:00:14] [#]} 9. f3 $1 c5 10. Be3 cxd4 11. Qxd4 Qe7 12. Qd2 Be6 13. Bxe6 Qxe6 14. O-O c5 15. a3 Rfd8 16. Qc2 Ba5 17. Bxc5 Qc4 18. Bf2 Rd3 19. Qa4 Rxc3 20. Qxa5 Rc2 21. Rad1 h6 22. b4 a6 $18 23. e5 Ne8 24. Qd5 Qc8 25. Bc5 Nc7 26. Qb3 Qf5 27. Qd3 Qxd3 28. Rxd3 Ne6 29. Be3 Rac8 30. Rf2 R2c3 31. Rfd2 g5 32. Kf2 Nf4 33. Bxf4 gxf4 34. Rd4 R8c4 35. Rxc4 Rxc4 36. g3 Rc3 37. a4 Rb3 38. Rd4 Rb2+ 39. Kg1 fxg3 40. hxg3 Kg7 41. Rd6 Rxb4 42. Rxa6 Rb2 43. f4 h5 44. a5 Ra2 45. f5 Re2 46. e6 fxe6 47. Rxe6 Ra2 48. a6 Ra5 49. f6+ Kf7 50. Rb6 Ra2 51. Kf1 Kg6 52. Ke1 Kf7 53. Kd1 Ra3 54. Rb7+ Kxf6 55. a7 Ke6 56. Ke2 Kf6 57. Kf2 Ra2+ 58. Kf3 Kf5 {[%emt 0:00:15] Ke4+} 59. Ke3 1-0

[Event "Katowice Springs 2018"]
[Site "Katowice"]
[Date "2018.05.08"]
[Round "2"]
[White "Krzywda, Andrzej"]
[Black "Piesik, Piotr"]
[Result "1-0"]
[ECO "C45"]
[WhiteElo "2163"]
[BlackElo "2372"]
[Annotator "ChessBase"]
[PlyCount "175"]
[EventDate "2018.??.??"]
[EventType "swiss"]
[EventCountry "POL"]
[SourceTitle "playchess.com"]
[Source "ChessBase"]
[SourceQuality "1"]
[TimeControl "40/5400+30:1800+30"]

1. e4 e5 2. Nf3 Nc6 3. d4 exd4 4. Nxd4 Bc5 5. Nxc6 Qf6 6. Qf3 Qxf3 7. gxf3 bxc6 8. Nd2 d6 9. Nb3 Bb6 10. a4 a6 11. Rg1 g6 12. Bd2 Nf6 13. Bc3 Ke7 14. Na5 Bd7 15. Nc4 Rhe8 16. Nxb6 cxb6 17. O-O-O Nh5 18. Bd2 c5 19. a5 b5 20. Be2 Kd8 21. Be3 Kc7 22. Rd2 Bc6 23. Rgd1 Re6 24. Bf1 f5 25. Bh3 Rf8 26. Rg1 Ref6 27. Bg5 R6f7 28. exf5 Bxf3 29. Re1 gxf5 30. Be7 Rg8 31. Bxd6+ Kc6 32. b4 cxb4 33. Bxb4 Rg6 34. Re3 Be4 35. f3 Bd5 36. Re5 Bxf3 37. Bxf5 Rgf6 38. Be6 Rg7 39. Rc5+ Kb7 40. Rd6 Re7 41. Bc8+ Kb8 42. Rxf6 Nxf6 43. Bxa6 Re4 44. Rxb5+ Ka7 45. Bc8 Rc4 46. Be6 Rc6 47. Rb6 Rxb6 48. Bc5 Nd5 49. axb6+ Nxb6 50. Bf5 h5 51. Kd2 Kb7 52. Ke3 Bd1 53. Kf4 Nd5+ 54. Kg5 Kc6 55. Bd4 Ne7 56. Be4+ Kd6 57. h4 Nc6 58. Bf6 Ne5 59. Kf4 Nc4 60. Bg6 Ke6 61. Bd4 Nd6 62. c3 Be2 63. Bc2 Nf7 64. Bb3+ Ke7 65. Bd5 Nd6 66. Bc5 Kd7 67. Bxd6 Kxd6 68. Bf3 Bc4 69. Bxh5 Ke6 70. Kg5 Ke7 71. Bg6 Kf8 72. Kf6 Kg8 73. Be4 Kh8 74. Bf5 Be2 75. Bc2 Bc4 76. Ke5 Kg7 77. Kd4 Be6 78. Be4 Kh6 79. Bd5 Bd7 80. c4 Kh5 81. Ke5 Kxh4 82. c5 Kg3 83. Be6 Bb5 84. Kd6 Kf4 85. Bd7 Ba6 86. c6 Ke4 87. Kc5 Ke5 88. Kb6 1-0

[Event "Katowice Springs 2018"]
[Site "Katowice"]
[Date "2018.05.10"]
[Round "6"]
[White "Teclaf, Pawel"]
[Black "Bakalarz, Mietek"]
[Result "1/2-1/2"]
[ECO "C43"]
[WhiteElo "2373"]
[BlackElo "2288"]
[Annotator "ChessBase"]
[PlyCount "61"]
[EventDate "2018.??.??"]
[EventType "swiss"]
[EventCountry "POL"]
[SourceTitle "playchess.com"]
[Source "ChessBase"]
[SourceQuality "1"]
[TimeControl "40/5400+30:1800+30"]

1. e4 e5 2. Nf3 Nf6 3. d4 Nxe4 4. dxe5 d5 5. Nbd2 Nxd2 6. Qxd2 Be7 7. Qf4 Qd7 8. h3 Qf5 9. Qa4+ Bd7 10. Qb3 Qe4+ 11. Be3 Qb4+ 12. Qxb4 Bxb4+ 13. c3 Ba5 14. Rd1 Bb6 15. Rxd5 Be6 16. Rd1 Bxe3 17. fxe3 Bxa2 18. Nd4 Be6 19. Be2 Nd7 20. Nb5 O-O-O 21. Nxa7+ Kb8 22. Nb5 Nxe5 23. Nd4 Bc4 24. b3 Bxe2 25. Kxe2 c6 26. Rhf1 Rhe8 27. g4 f6 28. Nf5 Rxd1 29. Rxd1 g6 30. Ng3 Kc7 31. Rf1 1/2-1/2

[Event "Katowice Springs 2018"]
[Site "Katowice"]
[Date "2018.05.10"]
[Round "6"]
[White "Molchanov, Oleksii"]
[Black "Pacan-Milej, Kosma"]
[Result "1-0"]
[ECO "A11"]
[WhiteElo "2355"]
[BlackElo "2301"]
[Annotator "ChessBase"]
[PlyCount "83"]
[EventDate "2018.??.??"]
[EventType "swiss"]
[EventCountry "POL"]
[SourceTitle "playchess.com"]
[Source "ChessBase"]
[SourceQuality "1"]
[TimeControl "40/5400+30:1800+30"]

1. c4 c6 2. Nf3 d5 3. e3 Nf6 4. Nc3 a6 5. cxd5 cxd5 6. d4 e6 7. Ne5 b5 8. Bd3 Bb7 9. O-O Nbd7 10. f4 Bd6 11. Bd2 Qe7 12. Be1 Ne4 13. Qf3 f5 14. Qh3 O-O 15. Ne2 Rac8 16. Bh4 Qe8 17. Nxd7 Qxd7 18. g4 b4 19. Kh1 Bc6 20. gxf5 exf5 21. Bxa6 Ra8 22. Bd3 Bb5 23. Bxb5 Qxb5 24. Ng3 Qd3 25. Nxe4 dxe4 26. b3 Rac8 27. Rf2 g6 28. Re1 Rf7 29. Qg2 Rfc7 30. Rd2 Qb5 31. Bf6 Rc1 32. Qf2 Bxf4 33. exf4 e3 34. Qxe3 Qc6+ 35. d5 Qxf6 36. Rxc1 Rxc1+ 37. Kg2 Qh4 38. Qg3 Qh5 39. h3 Rc3 40. d6 Rxg3+ 41. Kxg3 g5 42. d7 1-0

[Event "Katowice Springs 2018"]
[Site "Katowice"]
[Date "2018.05.10"]
[Round "6"]
[White "Krzywda, Andrzej"]
[Black "Molenda, Marcin"]
[Result "1/2-1/2"]
[ECO "B36"]
[WhiteElo "2163"]
[BlackElo "2383"]
[Annotator "NA"]
[PlyCount "228"]
[EventDate "2018.??.??"]
[EventType "swiss"]
[EventCountry "POL"]
[SourceTitle "playchess.com"]
[Source "ChessBase"]
[SourceQuality "1"]
[TimeControl "40/5400+30:1800+30"]

1. e4 c5 2. Nf3 Nc6 3. d4 cxd4 4. Nxd4 g6 5. c4 Nf6 6. Nc3 d6 7. Be2 Nxd4 8. Qxd4 Bg7 9. Be3 O-O 10. Qd2 a5 {[%emt 0:00:09] B36: Sicilian: Maroczy Bind: Gurgenidze System} 11. f3 a4 12. O-O Qa5 (12... Be6 13. Nb5 Nd7 14. Rab1 Qa5 15. Qxa5 Rxa5 16. Nc7 Nc5 17. Rfc1 Rc8 18. Bd2 Ra7 19. Nxe6 Nxe6 20. Kf1 Nc5 {½-½ (78) Yu,Y (2751)-Mamedov,R (2709) Huaian 2017}) 13. Rab1 Be6 14. Rfc1 Rfc8 15. b4 {[%emt 0:01:17] LiveBook: 42 Games} axb3 $1 16. axb3 Qb4 17. Rc2 Nd7 18. Qc1 {[%emt 0:02:53] [#]} Nc5 $146 19. Nd5 Bxd5 $1 20. cxd5 Bd4 21. Rc4 Bxe3+ 22. Qxe3 Qa3 23. e5 Nd7 24. f4 Rxc4 25. Bxc4 Qa7 26. Re1 Kf8 27. Kf2 Qxe3+ 28. Rxe3 Ra2+ 29. Kf3 Rb2 30. h3 h6 31. g3 Nc5 32. h4 Kg7 33. g4 g5 34. fxg5 hxg5 35. exd6 exd6 36. hxg5 Nd7 37. Re7 Ne5+ 38. Ke4 b5 39. Bxb5 Rxb3 40. Be2 Kg6 41. Ra7 Rb2 42. Ke3 Rb6 43. Kf4 Kg7 44. Ra8 Rb4+ 45. Ke3 Rb3+ 46. Ke4 Nd7 47. Kf4 Nb6 48. Ra5 Rb4+ 49. Ke3 Kg6 50. Ra7 Nxd5+ 51. Kf2 Nf4 52. Bd1 Nh3+ 53. Ke3 Nxg5 54. Rd7 Rb6 55. Kd4 Ne6+ 56. Kd5 Nf4+ 57. Ke4 Rb4+ 58. Ke3 Nd5+ 59. Kf3 Rb6 60. Bc2+ Kf6 61. Bf5 Nc3 62. Bh7 Kg7 63. Bd3 Rc6 64. g5 Kf8 65. g6 fxg6 66. Bxg6 Nd5 67. Rf7+ Kg8 68. Ra7 Nc7 69. Kf4 Kg7 70. Be4 Rc5 71. Ra1 Kf6 72. Rh1 Ne6+ 73. Ke3 Rc3+ 74. Kd2 Rg3 75. Rh8 Ng5 76. Bc6 Ke5 77. Ke2 Rc3 78. Bb7 Ne6 79. Kd2 Rb3 80. Bc8 Nc5 81. Rh5+ Kd4 82. Bf5 Rb2+ 83. Bc2 d5 84. Kc1 Rb8 85. Rh4+ Kc3 86. Rh3+ Kc4 87. Bg6 Rf8 88. Rh7 Rf2 89. Rf7 Rg2 90. Bc2 Na6 91. Ra7 Nb4 92. Bf5 Kd4 93. Be6 Na2+ 94. Kd1 Nc3+ 95. Kc1 Nb5 96. Rd7 Nc3 97. Bxd5 Nxd5 98. Rd8 Kc4 99. Kd1 Nf4 100. Rc8+ Kd4 101. Rd8+ Ke3 102. Re8+ Kf3 103. Rf8 Rh2 104. Ke1 Ke4 105. Re8+ Kd4 106. Rd8+ Nd5 107. Kd1 Kc4 108. Rc8+ Kd3 $17 109. Kc1 Rg2 110. Rd8 Rc2+ 111. Kb1 Rc5 112. Kb2 Rb5+ 113. Kc1 Rc5+ 114. Kb2 Rb5+ 1/2-1/2